AoeStats
← ivcrk826

Pilgrims

509300213Analyzed
3v3 RM · 6d ago on Sep 26, 2026· 51m 44s· 6 players
Game mode
Random Map
Map size
Normal (6 player)
Population
200
Speed
Normal
Resources
Standard
Victory
Conquest
Starting age
Dark Age
Ending age
Imperial Age
RankedLock teamsTeams togetherTeam positionsShared explorationLock speedFull tech treeHidden civsTurbo modeCheats
Victory
Defeat
1381
+16
🇦🇺 Italians · Australia
1353
+17
🇦🇺 Varangians · Australia
1244
+21
🇦🇷 Varangians · Argentina
1461
-22
🇹🇼 Huns · Taiwan
1398
-19
🇲🇽 Magyars · Mexico
1250
-13
苏东坡的粉丝
4:11 Loom
13:01 Feudal Age
12:30 Fishing Lines
17:21 Castle Age
15:11 Double-Bit Axe
15:14 Horse Collar
16:21 Bow Saw
16:12 Gillnets
16:23 Fletching
16:50 Gold Mining
17:10 Town Watch
20:11 Scale Barding Armor
25:12 Heavy Plow
28:18 Sanctity
29:30 Wheelbarrow
30:33 Chain Barding Armor
32:16 Bodkin Arrow
35:47 Scale Mail Armor
35:59 Forging
38:08 Squires
39:08 Pikeman
48:59 Imperial Age
49:05 Imperial Age
47:29 Elite Skirmisher
48:12 Padded Archer Armor
51:32 Ballistics
51:24 Clinker Construction
51:30 Bracer
52:27 Hand Cart
52:31 Leather Archer Armor
52:29 Clinker Construction
Cowardpunch
8:15 Loom
10:21 Feudal Age
12:57 Forging
12:42 Double-Bit Axe
15:23 Castle Age
16:23 Medium Warships
18:18 Bow Saw
18:00 Gold Mining
22:45 Horse Collar
24:58 Fletching
27:19 Heavy Plow
31:11 Imperial Age
29:01 Bodkin Arrow
31:12 Padded Archer Armor
31:39 Ballistics
32:56 Chemistry
32:07 Bracer
32:23 Leather Archer Armor
37:45 Conscription
42:35 Elite Genoese Crossbowman
JTownThunder
8:00 Loom
10:58 Feudal Age
13:11 Double-Bit Axe
15:36 Forging
19:35 Fishing Lines
21:59 Castle Age
20:38 Fletching
22:51 Medium Warships
23:50 Bodkin Arrow
37:02 Bow Saw
36:36 Horse Collar
38:11 Wheelbarrow
37:42 Town Watch
40:30 Heavy Plow
41:21 Gold Mining
44:05 Scale Barding Armor
44:42 Bloodlines
44:33 Husbandry
48:49 Imperial Age
46:54 Ballistics
46:46 Clinker Construction
47:47 Chain Barding Armor
47:43 Careening
49:48 Iron Casting
49:01 Cavalier
49:55 Vendel Legacy
51:57 Hand Cart
b09581270
7:32 Loom
13:06 Feudal Age
17:57 Castle Age
17:05 Gold Mining
17:33 Bloodlines
17:35 Forging
19:11 Fishing Lines
22:35 Scale Barding Armor
26:59 Chain Barding Armor
37:55 Wheelbarrow
45:24 Imperial Age
43:40 Hand Cart
43:11 Town Watch
47:09 Fletching
48:02 Bodkin Arrow
48:08 Padded Archer Armor
48:35 Ballistics
49:16 Chemistry
49:35 Parthian Tactics
49:25 Bracer
ivcrk826
9:38 Loom
12:20 Feudal Age
12:56 Double-Bit Axe
19:06 Castle Age
18:03 Fletching
20:02 Bodkin Arrow
22:22 Fishing Lines
25:42 Bow Saw
33:35 Imperial Age
33:48 Pikeman
41:25 Conscription
43:45 Forging
45:24 Squires
45:26 Scale Mail Armor
45:34 Gothikon
47:58 Chain Mail Armor
47:52 Gambesons
48:17 Elite Varangian Guard
52:24 Iron Casting
52:24 Plate Mail Armor
52:34 Iron Casting
Jesusssx
9:50 Loom
12:05 Feudal Age
12:47 Double-Bit Axe
12:49 Horse Collar
14:26 Scale Barding Armor
17:59 Gold Mining
20:11 Wheelbarrow
19:58 Bloodlines
19:46 Fishing Lines
23:48 Castle Age
21:48 Stone Mining
24:24 Fletching
24:35 Padded Archer Armor
27:08 Medium Warships
26:59 Bodkin Arrow
27:20 Leather Archer Armor
29:45 Hand Cart
30:30 Gold Shaft Mining
33:12 Gillnets
40:14 Imperial Age
40:24 Chain Barding Armor
42:00 Chemistry
41:22 Ballistics
41:46 Parthian Tactics
42:44 Bracer
43:46 Conscription
44:32 Ring Archer Armor
45:04 Heavy Cavalry Archer
47:26 Bow Saw
47:23 Heavy Plow
50:19 Two-Man Saw
49:56 Crop Rotation
Connection lost

Rejoining the realm…

Still unreachable

The connection could not be restored.

Session expired

The server has moved on; the page needs a fresh start.